 Dungeon Crawl Stone Soup version 0.27-a0-1280-g9d2d252d84 (webtiles) character file.

Game seed: 2151893886852376550

5496 27snakeeyes612 the Cleaver (level 10, -6/53 HPs)
             Began as a Vine Stalker Fighter on June 13, 2021.
             Was a Follower of Makhleb.
             Mangled by an orc warrior (9 damage)
             ... while paralysed by an orc warrior
             ... on level 9 of the Dungeon.
             The game lasted 00:09:08 (7551 turns).

27snakeeyes612 the Cleaver (Vine Stalker Fighter)   Turns: 7551, Time: 00:09:09

Health: -6/53      AC: 14    Str: 22    XL:     10   Next: 69%
Magic:  0/20       EV:  2    Int:  8    God:    Makhleb [*.....]
Gold:   486        SH:  0    Dex: 14    Spells: 9/9 levels left

rFire    . . .     SeeInvis .   B - +0 broad axe (vorpal)
rCold    . . .     Faith    .   c - +0 kite shield
rNeg     . . .     Spirit   +   t - +0 plate armour
rPois    .         Reflect  .   (no helmet)
rElec    .         Harm     .   (no cloak)
rCorr    .         Rampage  .   h - +0 pair of gloves
Will     +....                  (no boots)
Stlth    ..........             k - amulet of regeneration
HPRegen  2.17/turn              d - ring of magical power
MPRegen  0.17/turn              n - +4 ring of evasion

@: paralysed, lethally poisoned (-6 -> -6)
A: fangs 3, regeneration 1, magic shield, antimagic bite, no potion heal 2
a: Renounce Religion


You were on level 9 of the Dungeon.
You worshipped Makhleb.
Makhleb was aware of your devotion.
You visited 2 branches of the dungeon, and saw 10 of its levels.

You collected 486 gold pieces.

Inventory:

Hand Weapons
 a - a +0 war axe
 v - a +3 battleaxe of freezing
 B - a +0 vorpal broad axe (weapon)
Missiles
 u - a throwing net (quivered)
Armour
 b - a +0 scale mail
 c - a +0 kite shield (worn)
 h - a +0 pair of gloves (worn)
 t - a +0 plate armour (worn)
Jewellery
 d - a ring of magical power (left hand)
 e - an amulet of magic regeneration
 g - an amulet of the acrobat
 k - an amulet of regeneration (around neck)
 n - a +4 ring of evasion (right hand)
 w - a ring of protection from cold
 x - a ring of positive energy
 C - a ring of see invisible
Wands
 y - a wand of iceblast (14)
 z - a wand of digging (7)
Scrolls
 f - a scroll of noise
 i - 2 scrolls of identify
 o - 4 scrolls of teleportation
 q - a scroll of vulnerability
Potions
 j - a potion of curing
 l - 3 potions of haste
 m - a potion of flight {unknown}
 p - a potion of invisibility
 r - a potion of brilliance
 s - 2 potions of lignification
 A - a potion of heal wounds {unknown}


   Skills:
 + Level 5.7 Fighting
 + Level 9.0 Axes
 + Level 7.1 Armour
 + Level 2.1 Dodging
 + Level 0.4 Stealth
 + Level 7.0 Shields


You had 9 spell levels left.
You didn't know any spells.
Your spell library contained the following spells:

 Spells                   Type           Power      Damage    Failure   Level
 Beastly Appendage        Tmut           0%         N/A       100%        1
 Foxfire                  Conj/Fire      0%         2x1d4     100%        1
 Magic Dart               Conj           0%         1d3       100%        1
 Blink                    Tloc           N/A        N/A       100%        2
 Call Imp                 Summ           0%         N/A       100%        2
 Slow                     Hex            0%         N/A       100%        2
 Wereblood                Tmut           0%         N/A       100%        2
 Conjure Flame            Conj/Fire      0%         6-21      100%        3
 Inner Flame              Hex/Fire       0%         N/A       100%        3
 Mephitic Cloud           Conj/Pois/Air  0%         N/A       100%        3
 Spider Form              Tmut/Pois      0%         N/A       100%        3
 Ice Form                 Ice/Tmut       0%         N/A       100%        4
 Sticky Flame             Conj/Fire      0%         2d3       100%        4
 Fireball                 Conj/Fire      0%         3d3       100%        5


Dungeon Overview and Level Annotations

Branches:
Dungeon (9/15)             Temple (1/1) D:4
   Lair: D:8-11         Orc: D:9-12

Altars:
Ashenzari
Cheibriados
Dithmenos
Elyvilon
Fedhas
Hepliaklqana
Kikubaaqudgha
Makhleb
Nemelex Xobeh
Okawaru
Qazlal
Ru
Sif Muna
Trog
Uskayaw
Vehumet
Wu Jian
Xom
Yredelemnul
Zin
The Shining One
Lugonu

Annotations:
D:9 2 transporters


Innate Abilities, Weirdness & Mutations

You have razor-sharp teeth.
Your natural rate of healing is unusually fast.
When hurt, damage is shared between your health and your magic reserves.
Your bite disrupts and absorbs the magic of your enemies.
Potions cannot restore your health.


Message History

You block the killer bee's attack. The killer bee misses you.
You closely miss the killer bee.
The killer bee is lightly wounded.
You feel very sick.
The killer bee stings you but does no damage.
The killer bee stings you!
You barely miss the killer bee.
The killer bee is lightly wounded.
You hit the orc warrior.
You feel very sick. The killer bee closely misses you.
A centaur comes into view.
The killer bee misses you.
The orc warrior zaps a wand.
You suddenly lose the ability to move!
The killer bee stings you.
You feel sick.
The killer bee stings you but does no damage. x2
You feel sick.
The killer bee stings you but does no damage.
The orc warrior hits you with a +0 battleaxe!
The orc hits you with a +0 club.
The killer bee stings you but does no damage.
You feel sick. The killer bee stings you.
The orc warrior hits you with a +0 battleaxe!
* * * LOW HITPOINT WARNING * * *
The orc hits you with a +0 club.
* * * LOW HITPOINT WARNING * * *
The killer bee stings you but does no damage.
You feel sick. The killer bee stings you.
* * * LOW HITPOINT WARNING * * *
The orc warrior hits you with a +0 battleaxe.
* * * LOW HITPOINT WARNING * * *
The orc hits you but does no damage. The killer bee barely misses you.
You feel sick.
The killer bee stings you but does no damage.
The orc warrior barely misses you. The orc hits you but does no damage.
The killer bee stings you.
* * * LOW HITPOINT WARNING * * *
You feel sick. The killer bee completely misses you.
The orc warrior hits you with a +0 battleaxe!
You die...

............# #....#
............######....#
.......................
.?.......####.....####.
######..##.x##...##u.##
#..#!:###...##x..#
#..#. ..##©##xu#.#
#.†###...###xx.###
#@o.###...©.x.###.
#oy...##.....##...
co.....#.._..#....
.......##.....##...
......###.......###.
......###...###. ##
.......# .##©## .#
........#©. #...###..#
#.}##...##..##


You could see an orc warrior, a centaur, a killer bee and 2 orcs.

Vanquished Creatures
  An ugly thing (D:7)
  A manticore (D:6)
  Maggie (D:6)
  2 hornets (D:8)
  Sigmund (D:3)
  3 yaks
  A wyvern (D:7)
  A steam dragon (D:9)
  2 vampire mosquitoes (D:5)
  4 orc warriors
  2 ice beasts (D:5)
  A hornet zombie (D:6)
  2 black bears
  2 ogres
  A centaur (D:8)
  A bullfrog (D:3)
  4 scorpions
  9 wights
  7 killer bees (D:9)
  3 howler monkeys (D:7)
  A jelly (D:8)
  4 orc priests
  3 hounds
  A centaur skeleton (D:6)
  An iguana (D:5)
  6 orc wizards
  A hound skeleton (D:4)
  A howler monkey zombie (D:5)
  A howler monkey skeleton (D:6)
  6 adders
  3 gnolls (D:5)
  A white imp (D:7)
  An ufetubus (D:5)
  An adder zombie (D:5)
  An adder skeleton (D:4)
  4 worms
  3 dart slugs
  30 orcs
  8 bats
  7 endoplasms
  A giant cockroach (D:1)
  10 goblins
  6 hobgoblins
  8 jackals (D:1)
  2 quokkas
  7 ball pythons
  3 frilled lizards
  6 kobolds
  3 rats
179 creatures vanquished.

Notes
Turn   | Place    | Note
-------+----------+-------------------------------------------
     0 | D:1      | 27snakeeyes612 the Vine Stalker Fighter began the quest for
                  | the Orb.
     0 | D:1      | Reached XP level 1. HP: 11/11 MP: 2/2
   244 | D:1      | Reached XP level 2. HP: 16/16 MP: 3/3
   245 | D:1      | Found a faded altar of an unknown god.
   362 | D:1      | Reached XP level 3. HP: 15/20 MP: 4/4
   508 | D:1      | Reached skill level 2 in Axes
  1174 | D:2      | Gained mutation: Your natural rate of healing is unusually
                  | fast. [Vine Stalker growth]
  1174 | D:2      | Reached XP level 4. HP: 22/24 MP: 3/5
  1797 | D:3      | Reached skill level 1 in Dodging
  1852 | D:3      | Reached XP level 5. HP: 24/28 MP: 6/6
  1911 | D:3      | Reached skill level 3 in Axes
  1927 | D:3      | Reached XP level 6. HP: 15/32 MP: 5/7
  2049 | D:3      | Noticed Sigmund
  2055 | D:3      | Killed Sigmund
  2056 | D:3      | Reached skill level 4 in Axes
  2304 | D:4      | Found a staircase to the Ecumenical Temple.
  2357 | Temple   | Entered the Ecumenical Temple
  2586 | D:4      | Reached XP level 7. HP: 37/37 MP: 5/8
  2647 | D:4      | Found a shadowy altar of Dithmenos.
  2813 | D:4      | Found a glowing golden altar of the Shining One.
  3173 | D:5      | Entered Level 5 of the Dungeon
  3497 | D:5      | Reached skill level 5 in Axes
  3497 | D:5      | Gained mutation: You have razor-sharp teeth. [Vine Stalker
                  | growth]
  3497 | D:5      | Reached XP level 8. HP: 35/42 MP: 9/9
  3608 | D:5      | Reached skill level 5 in Shields
  3635 | D:5      | Found a radiant altar of Vehumet.
  3934 | D:6      | Found a broken altar of Ashenzari.
  3960 | D:6      | Noticed Maggie
  3975 | D:6      | Reached skill level 6 in Axes
  3996 | D:6      | Killed Maggie
  3997 | D:6      | Reached skill level 5 in Armour
  3997 | D:6      | Reached XP level 9. HP: 29/46 MP: 10/10
  4037 | D:6      | Found a sacrificial altar of Ru.
  4037 | D:6      | Found a burning altar of Makhleb.
  4046 | D:6      | Found a hazy altar of Hepliaklqana.
  4048 | D:6      | Found an iron altar of Okawaru.
  4051 | D:6      | Found a shimmering blue altar of Sif Muna.
  4274 | D:6      | Noticed a manticore
  4283 | D:6      | Killed a manticore
  4284 | D:6      | Reached skill level 5 in Fighting
  4527 | D:6      | Reached skill level 7 in Axes
  4686 | D:6      | Identified a scroll of acquirement
  4686 | D:6      | Acquired a +0 vorpal broad axe
  4866 | D:7      | Found a bloodstained altar of Trog.
  4952 | D:7      | Found a sparkling altar of Nemelex Xobeh.
  5078 | D:7      | Noticed a cyan ugly thing
  5337 | D:7      | You fall into a shaft and drop 2 floors!
  5525 | D:9      | Found a transporter.
  5527 | D:9      | Found a corrupted altar of Lugonu.
  5528 | D:9      | Found a transporter.
  5561 | D:9      | Identified the +1 chain mail "Fotol" {rC- rN+++ SInv
                  | Stlth+}
  5624 | D:8      | Reached XP level 10. HP: 51/51 MP: 11/11
  5628 | D:8      | Reached skill level 8 in Axes
  5910 | D:7      | Killed a cyan ugly thing
  6038 | D:6      | Became a worshipper of Makhleb the Destroyer
  6874 | D:8      | Reached * piety under Makhleb
  6918 | D:8      | Found a stormy altar of Qazlal.
  7006 | D:8      | Identified the +1 ring mail of Imperfection {rElec rC+}
  7447 | D:9      | Reached skill level 9 in Axes
  7452 | D:9      | HP: 2/53 [poisoned by a killer bee]
  7511 | D:9      | Noticed a purple ugly thing
  7511 | D:9      | Noticed a purple ugly thing
  7545 | D:9      | Paralysed by an orc warrior for 7 turns
  7550 | D:9      | HP: 2/53 [killer bee (5)]
  7551 | D:9      | Mangled by an orc warrior

Illustrated notes

Levels and vault maps discovered:
D:1:      sevenhm_arrival_forest_fort_large_2, layout_basic,
          basic_ecumenical_altar
D:2:      layout_loops_ring
D:3:      layout_rooms, uniq_sigmund
D:4:      layout_cave_pools, amcnicky_altar_gilded,
          nicolae_dithmenos_through_a_glass_darkly,
          minmay_temple_entry_statues_pillars
D:5:      layout_basic, nicolae_overflow_hidden_temple
D:6:      layout_basic, lemuel_coloured_pillars_altar,
          chequers_temple_overflow_minitemple, dk_noncrumbling_4, uniq_maggie
D:7:      layout_loops_cross, nemelex_dance_club_becter, lemuel_crystal_altar,
          eino_small_chamber_without_monster
D:8:      layout_basic, nicolae_qazlal_style_of_elements, minmay_misc_feat_room
D:9:      gammafunk_corrupted_shrine, layout_irregular_city
Temple:   compressed_dpeg_triangle_lava_temple

Skill      XL: |  1  2  3  4  5  6  7  8  9 10 |
---------------+-------------------------------+-----
Fighting       | 3 4 5 |  5.7
Shields        | 3 4 5 6 7 |  7.0
Axes           | 2 3 4 5 6 7 9 |  9.0
Armour         | 3 4 5 6 7 |  7.1
Dodging        | 1 2 |  2.1
Stealth        | |  0.4

Action                   |  1- 3 |  4- 6 |  7- 9 | 10-12 || total
-------------------------+-------+-------+-------+-------++-------
Melee: War axe           |    91 |   134 |   303 |    43 ||   571
       Bite              |    17 |    34 |   112 |    50 ||   213
       Broad axe         |       |       |       |   104 ||   104
  Use: Potion            |       |     1 |     2 |     4 ||     7
       Scroll            |       |       |    13 |     2 ||    15
Armor: Scale mail        |    57 |    61 |    19 |       ||   137
       Plate armour      |       |       |   152 |   102 ||   254
Dodge: Dodged            |    36 |    54 |   116 |    87 ||   293
Block: Kite shield       |    57 |    74 |   199 |   124 ||   454

Table legend: (Time is in decaauts)
 A = Elapsed time spent in this place.
 B = Non-inter-level travel time spent in this place.
 C = Inter-level travel time spent in this place.
 D = Time resting spent in this place.
 E = Time spent auto-exploring this place.
 F = Levels seen in this place.
 G = Mean time per level.
                   A        B        C        D        E       F      G
               +--------+--------+--------+--------+--------+-----+--------+
         Total |   7846 |   7461 |    385 |    378 |   5478 |  10 |  784.6 |
       Dungeon |   7652 |   7267 |    385 |    378 |   5289 |   9 |  850.2 |
        Temple |    194 |    194 |      0 |      0 |    189 |   1 |  194.0 |
               +--------+--------+--------+--------+--------+-----+--------+

Top non-repeatable levels by time:
     D:8: 1141 daAuts
     D:6: 1131 daAuts
     D:7: 1104 daAuts
     D:1: 1042 daAuts
     D:2: 809 daAuts
     D:4: 698 daAuts
     D:5: 673 daAuts
     D:3: 575 daAuts
     D:9: 474 daAuts
  Temple: 194 daAuts
